 Dungeon Crawl Stone Soup version 0.25.1-2-g60ff931df9 (webtiles) character file.

Game seed: 13811860609079911015

52924 DildoBatman the Thaumaturge (level 15, -11/110 HPs)
             Began as a Formicid Wizard on Oct 11, 2020.
             Was an Initiate of Gozag.
             Killed from afar by a fire dragon (31 damage)
             ... with a blast of flame
             ... on level 13 of the Dungeon on Oct 12, 2020.
             The game lasted 01:22:07 (16918 turns).

DildoBatman the Thaumaturge (Formicid Wizard)      Turns: 16918, Time: 01:22:08

Health: -11/110    AC: 13    Str: 12      XL:     15   Next: 8%
Magic:  19/31      EV: 16    Int: 29 (30) God:    Gozag
Gold:   935        SH: 17    Dex: 15      Spells: 13/39 levels left

rFire    . . .     SeeInvis +   a - +6 dire flail
rCold    . . .     Gourm    .   y - +1 kite shield
rNeg     . . .     Faith    .   o - +3 troll leather armour
rPois    .         Spirit   .   (helmet unavailable)
rElec    +         Reflect  +   u - +1 cloak {rCorr}
rCorr    +         Harm     .   (no gloves)
MR       +....                  w - +0 pair of boots of Jusor {rElec Slay+6 SInv Stlth-}
Stlth    +.........             M - amulet of reflection
HPRegen  1.08/turn              U - +6 ring of intelligence
MPRegen  0.22/turn              V - +6 ring of dexterity

@: gold aura
A: permanent stasis, dig shafts and tunnels, four strong arms, antennae 3,
hooves 1, regeneration 1, shaggy fur 1
a: Dig, Shaft Self, Potion Petition, Call Merchant, Bribe Branch, Renounce
Religion


You were on level 13 of the Dungeon.
You worshipped Gozag.
Gozag was pleased with you.
You were full.

You visited 3 branches of the dungeon, and saw 16 of its levels.
You also visited: Bailey.

You collected 2783 gold pieces.
You spent 1243 gold pieces at shops.
You paid 605 gold pieces to Gozag.

Inventory:

Hand Weapons
 a - a +6 dire flail (weapon)
 b - a +5 glaive of holy wrath
 d - a +1 falchion of flaming
 e - a +3 hand crossbow of freezing
Missiles
 q - 273 bolts
 G - 32 poisoned darts (quivered)
 H - 5 curare-tipped darts
 I - 22 sling bullets
 O - 26 arrows
Armour
 o - a +3 troll leather armour (worn)
 u - a +1 cloak of preservation (worn)
 w - the +0 pair of boots of Jusor (worn) {rElec Slay+6 SInv Stlth-}
   (You bought it in a shop on level 1 of the Orcish Mines)

   It affects your accuracy and damage with ranged weapons and melee attacks
   (+6).
   It insulates you from electricity.
   It lets you see invisible.
   It makes you less stealthy.
 y - a +1 kite shield (worn)
Magical Staves
 K - an uncursed staff of death
Jewellery
 r - an uncursed ring of protection from cold
 s - an uncursed ring of positive energy
 M - an amulet of reflection (around neck)
 T - an uncursed ring of poison resistance
 U - a +6 ring of intelligence (left hand)
 V - a +6 ring of dexterity (right hand)
Wands
 i - a wand of paralysis (22)
 n - a wand of acid (6)
 P - a wand of disintegration (21)
 Z - a wand of clouds (9)
Scrolls
 g - 4 scrolls of amnesia
 j - a scroll of random uselessness {unknown}
 l - 4 scrolls of immolation
 x - 7 scrolls of remove curse
 z - 2 scrolls of identify
 B - 3 scrolls of enchant weapon
 C - 2 scrolls of magic mapping
 J - 3 scrolls of fog
 L - a scroll of fear
 W - a scroll of summoning {unknown}
Potions
 c - a potion of haste {unknown}
 f - 3 potions of brilliance
 h - 2 potions of might
 k - 8 potions of heal wounds
 m - a potion of invisibility {unknown}
 t - 11 potions of curing
 A - 2 potions of cancellation
 D - a potion of magic {unknown}
 E - a potion of stabbing {unknown}
 F - a potion of berserk rage {unknown}
 S - a potion of lignification {unknown}
 X - 2 potions of ambrosia
 Y - 2 potions of flight {unknown}
Miscellaneous
 p - a lightning rod (4/4)
 N - 2 boxes of beasts
Comestibles
 v - 25 rations


   Skills:
 - Level 8.2 Fighting
 - Level 8.2 Armour
 - Level 7.4 Dodging
 - Level 2.4 Stealth
 - Level 9.0 Shields
 * Level 12.6 Spellcasting
 - Level 6.0 Conjurations
   Level 1.0 Summonings
 - Level 9.0 Necromancy
   Level 0.8 Translocations
 - Level 5.0 Fire Magic
 - Level 5.0 Air Magic
 - Level 11.0 Earth Magic


You had 13 spell levels left.
You knew the following spells:

 Your Spells              Type           Power        Failure   Level  Hunger
a - Conjure Flame         Conj/Fire      ######..     1%          3    None
b - Borgnjor's Vile Clut  Necr/Erth      ######....   1%          5    ##.....
c - Magic Dart            Conj           ####         1%          1    None
d - Vampiric Draining     Necr           ######....   1%          3    None
e - Mephitic Cloud        Conj/Pois/Air  #####...     2%          3    None
f - Bolt of Magma         Conj/Fire/Erth ######....   4%          5    ##.....
h - Dispel Undead         Necr           ######..     1%          4    None
z - Sublimation of Blood  Necr           ######....   1%          2    None

Your spell library contained the following spells:

 Spells                   Type           Power        Failure   Level  Hunger
 Animate Skeleton         Necr           N/A          1%          1    None
 Pain                     Necr           ####         1%          1    None
 Corpse Rot               Necr/Air       N/A          1%          2    None
 Animate Dead             Necr           N/A          1%          4    None
 Summon Butterflies       Summ           ###.....     2%          1    None
 Summon Small Mammal      Summ           ###.         2%          1    None
 Agony                    Necr           ######..     2%          5    ##.....
 Call Imp                 Summ           ###.....     3%          2    None
 Leda's Liquefaction      Hex/Erth       ######....   3%          4    None
 Airstrike                Air            #####.....   4%          4    None
 Ensorcelled Hibernation  Hex/Ice        ###...       5%          2    None
 Slow                     Hex            ###.....     5%          2    None
 Summon Guardian Golem    Hex/Summ       ###.....     9%          3    None
 Tukima's Dance           Hex            ###.....     11%         3    None
 Fulminant Prism          Conj/Hex       #####.....   11%         4    None
 Fireball                 Conj/Fire      ######....   11%         5    ##.....
 Excruciating Wounds      Chrm/Necr      #####.....   16%         5    ##.....
 Summon Mana Viper        Hex/Summ       ###.....     61%         5    ##.....
 Haunt                    Necr/Summ      #####.....   98%         7    ######.
 Borgnjor's Revivificati  Necr           ######....   99%         8    #######
 Infestation              Necr           ######....   99%         8    #######
 Death's Door             Chrm/Necr      #####.....   100%        8    #######
 Necromutation            Tmut/Necr      #####.....   100%        8    #######
 Blink                    Tloc           Unusable     N/A         2    N/A

Dungeon Overview and Level Annotations

Branches:
Dungeon (13/15)            Temple (1/1) D:7            Lair (0/6) D:9
    Orc (2/2) D:11            Elf (0/3) Orc:2        Vaults (0/5) D:13
 Bailey (visited)

Altars:
Ashenzari
Cheibriados
Dithmenos
Elyvilon
Fedhas
Gozag
Hepliaklqana
Kikubaaqudgha
Makhleb
Nemelex Xobeh
Okawaru
Qazlal
Ru
Sif Muna
Trog
Uskayaw
Vehumet
Wu Jian
Xom
Yredelemnul
Zin
The Shining One
Beogh

Shops:
D:9 *([(   Orc:1 *   Orc:2 =*!}(

Portals:
Trove: D:10 (show slimy rune of Zot)


Innate Abilities, Weirdness & Mutations

You cannot be hasted, slowed, berserked, paralysed or teleported.
You can dig through walls and to a lower floor.
Your four strong arms can wield two-handed weapons with a shield.
You have a pair of large antennae on your head. (SInv)
You have large cloven feet.
Your natural rate of healing is unusually fast.
You are covered in fur. (AC +1)


Message History

You resist.
The electric eel shoots out a bolt of lightning at you!
The bolt of electricity hits the electric eel.
The electric eel completely resists.
The bolt of electricity hits you. You resist.
Casting: Mephitic Cloud (mildly dangerous; 2% risk of failure)
Confirm with . or Enter, or press ? or * to list all spells.
Aiming: Borgnjor's Vile Clutch (dangerous; 1% risk of failure)
Press: ? - help, Shift-Dir - straight line, f - fire dragon
Aim: a fire dragon Zombie hands grab the fire dragon.
The zombie hands constrict the fire dragon.
The fire dragon breathes flames at you. The blast of flame hits you!!!
The zombie hands constrict the fire dragon!
The fire dragon breathes flames at you. The blast of flame hits you!!
You die...
Your body crumbles into a pile of gold.

≈≈≈D≈≈≈≈≈P♣
...(..####.....###
♣♣≈♣§≈≈♣≈≈
#.#....##.#...#.##
.≈≈≈P§≈≈≈♣#
#.#.....#.......#.
..≈P≈♣≈;≈≈#
#.#.....'...∩...'.
♣≈≈≈{♣##
#.#.....#.......#.
♣♣;P♣$#
#.#....##.#...#.##
♣P♣$$#
#.....####.....###
###.D####..#.## ###'###
#......@...## ##...##
#........#..# ##.....###
########.#...##.......##
#.#..............
#.####.........## #.#
###.####### #.# #.# #.#
# # ...


You could see a fire dragon (catching breath, clutched).

Vanquished Creatures
  Rupert (Orc:2)
  An orc warlord (Orc:1)
  A stone giant (Orc:1)
  The ghost of grovkorv the Cudgeler, a journeyman TrFE of Wu Jian (D:11)
  4 vault guards (D:13)
  2 hydras
  5 ogre magi
  23 two-headed ogres
  An orc high priest (Orc:1)
  An unseen horror (D:11)
  3 wizards (D:10)
  A deep elf mage (D:10)
  3 orc knights
  A cyclops (D:10)
  An orc sorcerer (Orc:2)
  2 slime creatures (D:12)
  3 ugly things
  Psyche (D:9)
  Maggie (D:9)
  A komodo dragon (D:13)
  2 centaur skeletons (D:12)
  A blink frog (shapeshifter) (D:10)
  9 trolls
  2 dream sheep (D:10)
  3 hippogriffs
  A water elemental (D:13)
  2 shadows
  A wraith (D:11)
  10 yaks
  5 wyverns
  2 hungry ghosts
  2 basilisks (D:9)
  A two-headed ogre zombie (D:11)
  A warg (Orc:1)
  A water moccasin (D:12)
  An ogre skeleton (D:13)
  3 porcupines (D:9)
  5 sky beasts
  41 orc warriors
  4 phantoms
  3 necrophages
  A black bear (D:7)
  43 ogres
  4 centaurs
  2 crocodiles
  5 big kobolds
  8 bullfrogs
  A warg zombie (Orc:2)
  A warg skeleton (Orc:2)
  A troll zombie (D:11)
  10 killer bees (D:10)
  An electric eel (D:13)
  11 wights
  7 howler monkeys
  5 crimson imps
  2 centaur zombies (D:12)
  3 bullfrog zombies
  6 bullfrog skeletons
  5 jellies
  23 orc wizards
  16 orc priests
  3 hounds
  Natasha (thrice) (D:2)
  A kobold skeleton (D:13)
  6 worker ants
  7 ogre zombies
  A worker ant zombie (D:10)
  15 adders
  2 shadow imps
  An ooze (D:3)
  An adder skeleton (D:4)
  2 worms
  A dart slug (D:2)
  3 leopard geckos
  83 orcs
  3 giant cockroaches
  13 goblins
  4 hobgoblins
  6 jackals
  4 quokkas
  10 bats
  3 frilled lizards
  3 goblin skeletons (D:11)
  3 goblin zombies (D:11)
  4 hobgoblin zombies (D:11)
  16 kobolds
  A leopard gecko skeleton (D:13)
  A leopard gecko zombie (D:8)
  3 orc skeletons (D:11)
  19 orc zombies
  A quokka skeleton (D:3)
  3 rats
538 creatures vanquished.

Vanquished Creatures (collateral kills)
  A yak (D:9)
1 creature vanquished.

Vanquished Creatures (others)
  An electric eel (D:13)
  A jelly (D:13)
  A kobold (D:11)
  4 fungi (D:9)
  22 plants
29 creatures vanquished.

Grand Total: 568 creatures vanquished

Notes
Turn   | Place    | Note
-------+----------+-------------------------------------------
     0 | D:1      | DildoBatman the Formicid Wizard began the quest for the
                  | Orb.
     0 | D:1      | Reached XP level 1. HP: 13/13 MP: 4/4
    26 | D:1      | Reached skill level 1 in Conjurations
   366 | D:1      | Reached XP level 2. HP: 19/19 MP: 0/6
   870 | D:2      | Reached XP level 3. HP: 20/24 MP: 2/7
   875 | D:2      | Learned a level 3 spell: Conjure Flame
   879 | D:2      | Learned a level 3 spell: Mephitic Cloud
  1238 | D:2      | Found a stormy altar of Qazlal.
  1355 | D:2      | Noticed Natasha
  1728 | D:3      | Reached XP level 4. HP: 30/30 MP: 3/8
  2154 | D:3      | Found a blossoming altar of Fedhas.
  2727 | D:4      | Reached XP level 5. HP: 35/35 MP: 5/9
  3015 | D:4      | Reached XP level 6. HP: 37/41 MP: 5/10
  3126 | D:4      | Noticed a phantom
  3127 | D:4      | Noticed a phantom
  3217 | D:4      | Found a hide-covered altar of Uskayaw.
  3266 | D:4      | Reached skill level 5 in Conjurations
  3704 | D:5      | Entered Level 5 of the Dungeon
  3874 | D:5      | Found an ancient bone altar of Kikubaaqudgha.
  3881 | D:5      | Became a worshipper of Kikubaaqudgha
  4001 | D:4      | Killed a phantom
  4001 | D:4      | Reached XP level 7. HP: 34/46 MP: 1/11
  4230 | D:3      | Reached skill level 1 in Fire Magic
  4230 | D:3      | Reached skill level 1 in Air Magic
  4297 | D:2      | Killed Natasha
  4444 | D:2      | Noticed Natasha
  4449 | D:2      | Killed Natasha
  4670 | D:2      | Noticed Natasha
  4674 | D:2      | Killed Natasha
  5033 | D:5      | Reached XP level 8. HP: 52/52 MP: 7/12
  5514 | D:6      | Reached * piety under Kikubaaqudgha
  5514 | D:6      | Identified Kikubaaqudgha's Guide on Sinister Rituals
                  | (Kikubaaqudgha gifted it to you on level 6 of the Dungeon)
  5514 | D:6      | Received a gift from Kikubaaqudgha
  5731 | D:6      | Reached skill level 5 in Fire Magic
  5884 | D:6      | Found a blossoming altar of Fedhas.
  5890 | D:6      | Found an ornate altar of the Wu Jian Council.
  5951 | D:6      | Learned a level 2 spell: Sublimation of Blood
  5955 | D:6      | Learned a level 3 spell: Vampiric Draining
  6047 | D:6      | Found a burning altar of Makhleb.
  6048 | D:6      | Found a shimmering altar of Xom.
  6272 | D:7      | Reached skill level 1 in Fighting
  6272 | D:7      | Reached XP level 9. HP: 51/59 MP: 2/14
  6278 | D:7      | Reached skill level 1 in Armour
  6345 | D:7      | Reached skill level 1 in Necromancy
  6520 | D:7      | Found a glowing silver altar of Zin.
  6713 | D:7      | Found a shattered altar of Ashenzari.
  7119 | D:7      | Found a staircase to the Ecumenical Temple.
  7199 | Temple   | Entered the Ecumenical Temple
  7370 | D:8      | Reached skill level 4 in Spellcasting
  7370 | D:8      | Reached skill level 5 in Air Magic
  7598 | D:8      | Noticed a two-headed ogre
  7644 | D:8      | Killed a two-headed ogre
  7839 | D:8      | Reached XP level 10. HP: 70/70 MP: 10/17
  8482 | D:9      | Reached skill level 5 in Spellcasting
  8589 | D:9      | Found Timia's Weapon Boutique.
  8777 | D:9      | Noticed Psyche
  8840 | D:9      | Reached skill level 5 in Fighting
  8849 | D:9      | Reached skill level 5 in Armour
  8904 | D:9      | Found a staircase to the Lair.
  8956 | D:9      | Killed Psyche
  8956 | D:9      | Reached skill level 5 in Dodging
  8956 | D:9      | Reached skill level 6 in Spellcasting
  8998 | D:9      | Noticed Maggie
  9026 | D:9      | Killed Maggie
  9026 | D:9      | Reached skill level 5 in Necromancy
  9097 | D:9      | Found Ebelad's Antique Weapon Shop.
  9124 | D:9      | Reached ** piety under Kikubaaqudgha
  9124 | D:9      | Reached XP level 11. HP: 74/79 MP: 15/21
  9197 | D:9      | Noticed a two-headed ogre
  9225 | D:9      | Killed a two-headed ogre
  9225 | D:9      | Reached skill level 7 in Spellcasting
  9386 | D:9      | Found Ussoh's General Store.
  9429 | D:9      | Bought a potion of curing for 42 gold pieces
  9429 | D:9      | Bought a potion of heal wounds for 70 gold pieces
  9429 | D:9      | Bought a scroll of identify for 28 gold pieces
  9429 | D:9      | Bought a scroll of immolation for 49 gold pieces
  9481 | D:9      | Found Zuarph's Armour Boutique.
  9529 | D:10     | Entered Level 10 of the Dungeon
  9581 | D:10     | Got a fine ring mail
  9601 | D:10     | Identified the +3 ring mail of Itzej {+Blink rPois} (You
                  | found it on level 10 of the Dungeon)
  9629 | D:10     | Noticed an ogre mage
  9658 | D:10     | Killed an ogre mage
  9811 | D:10     | Noticed a cyclops
  9863 | D:10     | Reached skill level 1 in Shields
  9986 | D:10     | Killed a cyclops
 10110 | D:10     | Identified Zuxtom's Collected Works on the Captivating
                  | Entourage
 10127 | D:10     | Got a heavily jewelled robe
 10138 | D:10     | Identified the +0 robe of Edysuwuo {Str+4 SInv} (You found
                  | it on level 10 of the Dungeon)
 10185 | D:10     | Gained mutation: Armour fits poorly on your strangely
                  | shaped body. [potion of mutation]
 10185 | D:10     | Gained mutation: You are partially covered in yellow
                  | scales. (AC +2) [potion of mutation]
 10186 | D:10     | Lost mutation: You are partially covered in yellow scales.
                  | (AC +2) [potion of mutation]
 10186 | D:10     | Lost mutation: Armour fits poorly on your strangely shaped
                  | body. [potion of mutation]
 10186 | D:10     | Gained mutation: You are covered in fur. (AC +1) [potion of
                  | mutation]
 10186 | D:10     | Gained mutation: Your natural rate of healing is unusually
                  | fast. [potion of mutation]
 10186 | D:10     | Gained mutation: You have large cloven feet. [potion of
                  | mutation]
 10352 | D:10     | Noticed a wizard
 10357 | D:10     | Noticed a deep elf mage
 10436 | D:10     | Killed a wizard
 10443 | D:10     | Killed a deep elf mage
 10443 | D:10     | Reached skill level 5 in Shields
 10652 | D:10     | Noticed an orc knight
 10703 | D:10     | Killed an orc knight
 10833 | D:10     | Noticed a green ugly thing
 10833 | D:10     | Noticed a wizard
 10858 | D:10     | Reached XP level 12. HP: 43/86 MP: 8/22
 10885 | D:10     | Killed a wizard
 10888 | D:10     | Noticed a wizard
 10900 | D:10     | Killed a wizard
 10970 | D:10     | Noticed a two-headed ogre
 10993 | D:10     | Killed a two-headed ogre
 11242 | D:10     | Identified Wehitrufexo's Handbook of Dhcmrlchtdj
 11249 | D:10     | Identified Ts'ui Pên's Volume of Forking Paths
 11258 | D:10     | Identified the Papyrus of Sand
 11266 | D:10     | Learned a level 5 spell: Bolt of Magma
 11496 | D:10     | Noticed a two-headed hydra
 11502 | D:10     | Killed a one-headed hydra
 11508 | D:10     | Reached *** piety under Kikubaaqudgha
 11508 | D:10     | Identified Kikubaaqudgha's Almanac of Evil (Kikubaaqudgha
                  | gifted it to you on level 10 of the Dungeon)
 11508 | D:10     | Received a gift from Kikubaaqudgha
 11515 | D:10     | Learned a level 4 spell: Dispel Undead
 11615 | D:10     | Found a portal to a secret trove of treasure.
 11684 | D:11     | Noticed a two-headed ogre
 11684 | D:11     | Noticed grovkorv's ghost (journeyman TrFE)
 11684 | D:11     | Noticed a two-headed ogre
 11685 | D:11     | Found a transporter.
 11685 | D:11     | Found a transporter.
 11685 | D:11     | Noticed a two-headed ogre
 11702 | D:11     | Reached skill level 1 in Earth Magic
 11751 | D:11     | Noticed a two-headed ogre
 11766 | D:11     | Killed a two-headed ogre
 11859 | D:11     | Reached **** piety under Kikubaaqudgha
 11938 | D:11     | Found a flagged portal.
 12000 | Bailey   | Entered a bailey
 12331 | Bailey   | Reached skill level 8 in Spellcasting
 12367 | Bailey   | Reached skill level 5 in Earth Magic
 12617 | D:11     | Found a staircase to the Orcish Mines.
 12624 | D:11     | Reached ***** piety under Kikubaaqudgha
 12947 | D:11     | Noticed an unseen horror
 12966 | D:11     | Killed an unseen horror
 13166 | D:11     | Killed a two-headed ogre
 13166 | D:11     | Reached XP level 13. HP: 93/93 MP: 10/25
 13204 | D:11     | Killed grovkorv's ghost
 13297 | Orc:1    | Entered Level 1 of the Orcish Mines
 13364 | Orc:1    | Noticed a stone giant
 13382 | D:11     | Learned a level 5 spell: Borgnjor's Vile Clutch
 13397 | Orc:1    | Killed a stone giant
 13397 | Orc:1    | Reached skill level 10 in Earth Magic
 13624 | Orc:1    | Found Gem Ejum's Assorted Antiques.
 13642 | Orc:1    | Bought a scroll labeled JEDORCH EVIDOE for 25 gold pieces
 13642 | Orc:1    | Bought an emerald potion for 22 gold pieces
 13642 | Orc:1    | Bought a ring of dexterity for 50 gold pieces
 13721 | Orc:1    | Found a roughly hewn altar of Beogh.
 13829 | Orc:2    | Entered Level 2 of the Orcish Mines
 13851 | Orc:2    | Found Hutemazo's Jewellery Shoppe.
 13966 | Orc:2    | Noticed an ogre mage
 13970 | Orc:2    | Killed an ogre mage
 14012 | Orc:2    | Noticed an ogre mage
 14025 | Orc:2    | Killed an ogre mage
 14044 | Orc:2    | Reached XP level 14. HP: 70/104 MP: 0/26
 14121 | Orc:2    | Reached ****** piety under Kikubaaqudgha
 14124 | Orc:2    | Found a roughly hewn altar of Beogh.
 14129 | Orc:1    | Received a gift from Kikubaaqudgha
 14131 | Orc:1    | Fell from the grace of Kikubaaqudgha
 14406 | Temple   | Became a worshipper of Gozag Ym Sagoz the Greedy
 14859 | Orc:1    | Bought a pair of warped boots for 237 gold pieces
 14864 | Orc:1    | Identified the +0 pair of boots of Jusor {rElec Slay+6 SInv
                  | Stlth-} (You bought it in a shop on level 1 of the Orcish
                  | Mines)
 14864 | Orc:1    | Bought an embroidered cloak for 187 gold pieces
 14875 | Orc:1    | Bought a scroll of identify for 50 gold pieces
 14931 | Orc:1    | Noticed an orc warlord
 14950 | Orc:1    | Killed an orc warlord
 14950 | Orc:1    | Reached skill level 9 in Spellcasting
 15089 | Orc:2    | Found a staircase to the Elven Halls.
 15115 | Orc:2    | Noticed Rupert
 15148 | Orc:2    | Killed Rupert
 15148 | Orc:2    | Reached skill level 10 in Spellcasting
 15550 | Orc:2    | Found Fusefuwk's Antique Weapon Boutique.
 15550 | Orc:2    | Found Nyithran's Distillery.
 15551 | Orc:2    | Found Pesenk's Gadget Shoppe.
 15551 | Orc:2    | Found Vuji's General Store.
 15560 | Orc:2    | Bought a scroll of enchant armour for 97 gold pieces
 15560 | Orc:2    | Bought a potion of curing for 39 gold pieces
 15560 | Orc:2    | Bought a potion of curing for 39 gold pieces
 15563 | Orc:2    | Bought 2 potions of heal wounds for 110 gold pieces
 15563 | Orc:2    | Bought 2 potions of curing for 66 gold pieces
 15563 | Orc:2    | Bought a potion of degeneration for 11 gold pieces
 15563 | Orc:2    | Bought a potion of curing for 33 gold pieces
 15563 | Orc:2    | Bought a potion of ambrosia for 88 gold pieces
 15811 | D:12     | Found a roughly hewn altar of Beogh.
 15815 | D:12     | Reached skill level 11 in Spellcasting
 15999 | D:12     | Got a pair of distressingly furry boots
 16010 | D:12     | Identified the cursed +0 pair of boots "Nifiufol" {rPois}
                  | (You found it on level 12 of the Dungeon)
 16642 | D:13     | Reached skill level 12 in Spellcasting
 16693 | D:13     | Reached XP level 15. HP: 88/110 MP: 2/31
 16769 | D:13     | Found a gate to the Vaults.
 16918 | D:13     | Killed from afar by a fire dragon

Illustrated notes

Levels and vault maps discovered:
D:1:      scummos_arrival_hexagon, layout_rooms
D:2:      layout_rooms, nicolae_qazlal_general_emergency, uniq_natasha
D:3:      layout_loops_corners, kennysheep_crisscross, fedhas_ov_isle_minmay
D:4:      layout_basic, nicolae_overflow_crystal_walls, first_ration
D:5:      layout_basic, overflow_temple_1_default
D:6:      layout_gridville, grunt_temple_overflow_champion_of_chaos,
          grunt_temple_overflow_open
D:7:      layout_basic, evilmike_ruin_ashenzari, lemuel_doored_altar,
          temple_hall
D:8:      layout_cave_pods
D:9:      layout_rooms, minmay_lair_entry_grove, serial_shops, shop,
          nicolae_shop_stone, shop_statue, kennysheep_little_box, uniq_psyche,
          uniq_maggie
D:10:     minmay_the_grid_octo_tiled_octocenter
          [minmay_the_grid_octo_tetromino_candy,
          minmay_the_grid_octo_checkerflower, minmay_the_grid_octo_pinwheel,
          minmay_the_grid_octo_teeth,
          minmay_the_grid_octo_prize_ultimate_mussel_roller,
          minmay_the_grid_square_5x5_tie, minmay_the_grid_square_5x5_checkered,
          minmay_the_grid_square_5x5_bridge,
          minmay_the_grid_square_5x5_doubleslash], layout_cave_pools,
          nicolae_trove_entry_crossroad, hangedman_ranch
          [blue_anna_fruit_fields], bh_hangedman_babel_library
D:11:     layout_roguey, zombieorc2_lemuel, enter_bailey_3,
          gammafunk_ghost_smash, minmay_quadrilaterals
D:12:     layout_roguey [special_room_orc]
D:13:     layout_loops_ring, lightli_vaults_fourway_checkpoint, serial_shops,
          nicolae_shop_statue_plus, chequers_serial_rivers_small_3,
          serial_bayou_lake_a
Temple:   dpeg_chambers_temple
Orc:1:    layout_diamond_mine, serial_shops, nicolae_shop_waterfront,
          kennysheep_orc_chapel
Orc:2:    st_orc_ogre_mass, layout_caves, basic_altar, serial_shops, shop,
          uniq_rupert

Skill      XL: |  1  2  3  4  5  6  7  8  9 10 11 12 13 14 |
---------------+-------------------------------------------+-----
Conjurations   | 1 2 3 4 6 |  6.0
Fire Magic     | 3 5 |  5.0
Air Magic      | 2 4 5 |  5.0
Fighting       | 1 3 5 7 8 |  8.2
Dodging        | 2 3 5 7 |  7.4
Armour         | 3 5 7 8 |  8.2
Necromancy     | 3 5 9 |  9.0
Spellcasting   | 4 6 7 8 12 | 12.6
Shields        | 7 9 |  9.0
Earth Magic    | 7 11 | 11.0
Stealth        | |  2.4
Summonings     | |  1.0
Translocations | |  0.8

Action                   |  1- 3 |  4- 6 |  7- 9 | 10-12 | 13-15 || total
-------------------------+-------+-------+-------+-------+-------++-------
Melee: Short sword       |     3 |    19 |    49 |     6 |       ||    77
       Whip              |       |       |       |    76 |       ||    76
       Kick              |       |       |       |    34 |    52 ||    86
       Glaive            |       |       |       |   228 |    66 ||   294
       Falchion          |       |       |       |     6 |     2 ||     8
       Dire flail        |       |       |       |       |   319 ||   319
 Fire: Hunting sling     |     1 |    28 |   225 |   186 |       ||   440
       Hand crossbow     |       |       |       |    13 |     7 ||    20
Throw: Boomerang         |    25 |       |       |       |       ||    25
       Dart              |       |       |     2 |     5 |       ||     7
 Cast: Magic Dart        |    74 |    72 |    59 |    36 |       ||   241
       Mephitic Cloud    |       |     2 |    24 |    84 |    29 ||   139
       Conjure Flame     |       |     2 |    25 |    90 |    31 ||   148
       Vampiric Draining |       |       |       |     6 |     7 ||    13
       Sublimation of Bl |       |       |       |     8 |     5 ||    13
       Dispel Undead     |       |       |       |     3 |     8 ||    11
       Borgnjor's Vile C |       |       |       |       |    46 ||    46
Invok: Receive Necronomi |       |       |       |       |     1 ||     1
       Renounce Religion |       |       |       |       |     1 ||     1
 Abil: Dig               |     2 |     4 |    14 |    22 |    21 ||    63
Evoke: Wand              |       |       |     2 |       |       ||     2
  Use: Scroll            |       |     6 |       |     9 |     8 ||    23
       Potion            |       |       |       |     3 |       ||     3
 Stab: Sleeping          |       |     1 |       |     1 |       ||     2
       Confused          |       |       |       |    10 |    15 ||    25
       Distracted        |       |       |       |       |     1 ||     1
  Eat: Chunk             |     2 |     8 |    10 |    19 |     9 ||    48
       Ration            |       |       |     2 |       |     5 ||     7
Armor: Robe              |    12 |     4 |     6 |       |       ||    22
       Ring mail         |       |       |     3 |    14 |       ||    17
       Acid dragon scale |       |       |       |     5 |       ||     5
       Troll leather arm |       |       |       |    38 |    46 ||    84
Dodge: Dodged            |    25 |    23 |    40 |   170 |   147 ||   405
Block: Other             |       |    10 |    18 |    50 |       ||    78
       Reflection        |       |       |     2 |    34 |     3 ||    39
       Kite shield       |       |       |       |    63 |   304 ||   367
       Rpst.: Falchion   |       |       |       |     1 |     1 ||     2
